 Dungeon Crawl Stone Soup version 0.29.0-4-gdea44cf6ec (webtiles) character file.

Game seed: 9570048193685484629

55 qw the Chopper (level 3, 0/21 HPs)
             Began as a Tengu Warper on Aug 28, 2022.
             Slain by a worm (11 damage)
             ... on level 2 of the Dungeon.
             The game lasted 00:00:10 (1286 turns).

qw the Chopper (Tengu Warper)                       Turns: 1286, Time: 00:00:11

Health: 0/21       AC:  3    Str: 13    XL:     3   Next: 93%
Magic:  7/7        EV: 12    Int: 13    God:
Gold:   47         SH:  0    Dex: 13    Spells: 6/6 levels left

rFire   . . .      SeeInvis .   Y - +0 hand axe
rCold   . . .      Faith    .   (no shield)
rNeg    . . .      Spirit   .   b - +0 leather armour
rPois   .          Reflect  .   (helmet restricted)
rElec   .          Harm     .   (no cloak)
rCorr   .          Rampage  .   (no gloves)
Will    .....                   (boots unavailable)
Stlth   +.........              g - amulet of regeneration
HPRegen 0.87/turn               (no ring)
MPRegen 0.10/turn               (no ring)

@: no status effects
A: beak, talons 3
a: no special abilities


You were on level 2 of the Dungeon.
You visited 1 branch of the dungeon, and saw 2 of its levels.

You collected 47 gold pieces.


Innate Abilities, Weirdness & Mutations

You have a beak for a mouth.
You have claws for feet.


   Skills:
 - Level 2.0 Fighting
 + Level 4.5 Axes
 - Level 1.0 Throwing
 - Level 1.1 Armour
 - Level 2.1 Dodging
 - Level 2.0 Spellcasting
 - Level 2.4 Translocations


You had 6 spell levels left.
You didn't know any spells.
Your spell library contained the following spells:

 Spells                   Type           Power      Damage    Failure   Level
 Blink                    Tloc           14%        N/A       19%         2
 Gell's Gravitas          Tloc           7%         N/A       36%         3
 Lesser Beckoning         Tloc           7%         N/A       36%         3
 Teleport Other           Tloc           7%         N/A       36%         3
 Manifold Assault         Tloc           7%         N/A       98%         5

Inventory:

Hand Weapons
 d - a +0 whip
 Y - a +0 hand axe (weapon)
Armour
 b - a +0 leather armour (worn)
 c - a +0 ring mail
 e - a +0 chain mail
Jewellery
 g - an amulet of regeneration (around neck)
Scrolls
 a - 3 scrolls of identify
 k - a scroll of teleportation
Potions
 f - a potion of resistance {unknown}
 h - a potion of haste {unknown}
 i - 2 potions of curing {unknown}
 j - a potion of berserk rage {unknown}

Dungeon Overview and Level Annotations

Branches:
Dungeon (2/15)

Altars:

Annotations:
D:1 1 runed translucent door


Message History

The adder is heavily wounded.
The adder bites you but does no damage.
You hit the adder but do no damage.
The adder is heavily wounded.
The adder misses you.
A worm comes into view.
The adder misses you.
You barely miss the adder. Your kick misses the adder.
Your peck misses the adder.
The adder is heavily wounded.
The adder misses you.
You hit the adder.
The adder is almost dead.
The adder barely misses you. The adder bites you but does no damage.
You closely miss the adder. Your kick misses the adder.
The adder is almost dead.
The adder barely misses you.
You closely miss the adder. Your kick misses the adder.
The adder is almost dead.
The adder bites you but does no damage.
You hit the adder.
You kill the adder!
You completely miss the worm. The worm barely misses you.
You hit the worm but do no damage. You claw the worm, but do no damage.
Your peck misses the worm. You punch the worm, but do no damage.
You hit the worm. You claw the worm, but do no damage.
The worm is moderately wounded.
The worm closely misses you.
You barely miss the worm.
The worm is moderately wounded.
You hit the worm. You claw the worm, but do no damage.
The worm is moderately wounded.
The worm bites you!
Ouch! That really hurt!
You completely miss the worm. Your peck misses the worm.
The worm is moderately wounded.
The worm bites you!
Ouch! That really hurt!
You die...

............%..?......
..............###....###
..............# #....###
..............#######...
....................#...
......#..#........#[<.(.
#......#....###.###...
#.w...............).
#..@#.....#.....?%..
#..##.....#......... #..
##....#......... #.#
#.)............ #.
#....#.....>... #.
...#........... .
...........##... .
...#.....#. ...#>##.##.


You could see a worm.

Vanquished Creatures
  2 adders (D:2)
  An endoplasm (D:2)
  3 giant cockroaches (D:1)
  3 goblins (D:1)
  4 hobgoblins (D:1)
  3 jackals (D:1)
  6 kobolds
  3 quokkas
  4 ball pythons (D:1)
  A bat (D:2)
  2 frilled lizards (D:1)
  4 rats
36 creatures vanquished.

Notes
Turn   | Place    | Note
-------+----------+-------------------------------------------
     0 | D:1      | qw the Tengu Warper began the quest for the Orb.
     0 | D:1      | Reached XP level 1. HP: 12/12 MP: 4/4
     0 | D:1      | Noticed a jelly
     0 | D:1      | 0 ||| qw: Version: 0.1-a-89-g26bdef1
     0 | D:1      | 0 ||| qw: Game counter: 2914
     0 | D:1      | 0 ||| qw: Always use a shield: true
     0 | D:1      | 0 ||| qw: God list: Okawaru
     0 | D:1      | 0 ||| qw: Allow faded altars: false
     0 | D:1      | 0 ||| qw: Do Orc after D:15 true
     0 | D:1      | 0 ||| qw: Do second Lair branch before Depths: true
     0 | D:1      | 0 ||| qw: Lair rune preference: random
     0 | D:1      | 0 ||| qw: Plans: Normal
     0 | D:1      | 0 ||| PLANNING D:1-11
     1 | D:1      | Found a runed translucent door.
   196 | D:1      | Reached XP level 2. HP: 11/17 MP: 6/6
   201 | D:1      | Reached skill level 3 in Axes
   331 | D:1      | 331 ||| DROPPING +0 club.
   349 | D:1      | 349 ||| Stepping ~*~*~tactically~*~*~ (stealth).
   351 | D:1      | 351 ||| Stepping ~*~*~tactically~*~*~ (stealth).
   666 | D:1      | Found a faded altar of an unknown god.
   733 | D:1      | 733 ||| Stepping ~*~*~tactically~*~*~ (stealth).
   737 | D:1      | Reached XP level 3. HP: 21/21 MP: 7/7
  1059 | D:1      | Reached skill level 4 in Axes
  1116 | D:1      | 1116 ||| UPGRADING to amulet of regeneration.
  1121 | D:1      | 1121 ||| READING 2 scrolls labelled VUCIXE CITAU.
  1122 | D:1      | 1122 ||| READING scroll labelled ZOPPOD UBLEH.
  1123 | D:1      | 1123 ||| READING scroll labelled HOPRUBO XUTHE.
  1124 | D:1      | 1124 ||| READING scroll labelled JECWON ALIS.
  1128 | D:1      | 1128 ||| DROPPING scroll of blinking.
  1286 | D:2      | Slain by a worm

Levels and vault maps discovered:
D:1:      dpeg_arrival_caged_fury, layout_basic,
          chequers_ecumenical_altar_simple, st_stairs_4
D:2:      layout_rooms, serial_corexii_hall, corexii_hall_statues_x,
          chequers_hall_statues_wall_a, uniq_sigmund

Skill      XL: |  1  2  3 |
---------------+----------+-----
Axes           | 3 4 |  4.5
Fighting       | |  2.0
Throwing       | |  1.0
Armour         | |  1.1
Dodging        | |  2.1
Spellcasting   | |  2.0
Translocations | |  2.4

Action                   || total
-------------------------++-------
Melee: Hand axe          ||    92
       Kick              ||    14
       Peck              ||     5
       Punch             ||     1
Throw: Boomerang         ||     7
  Use: Scroll            ||     4
Armor: Leather armour    ||    17
Dodge: Dodged            ||    58

Table legend:
 A = Non-vault XP
 B = Vault XP
 C = Vault XP percentage of total XP
 D = Non-vault monster count
 E = Vault monster count
 F = Vault count percentage of total count
                 A         B        C        D         E       F
            +---------+---------+-------+---------+---------+-------
      Total |      76 |       3 |   3.8 |      34 |       2 |   5.6
            +---------+---------+-------+---------+---------+-------
        D:1 |      43 |       3 |   6.5 |      27 |       2 |   6.9
        D:2 |      33 |       0 |   0.0 |       7 |       0 |   0.0
            +---------+---------+-------+---------+---------+-------
